 Dungeon Crawl Stone Soup version 0.31-a0-647-g38d6a14cb1 (webtiles) character file.

Game seed: 6567644452774392788

5102 GordonOverkill the Grappler (level 10, -5/147 HPs)
             Began as a Troll Delver on Aug 29, 2023.
             Was an Elder of Trog.
             Slain by a troll (9 damage)
             ... on level 9 of the Dungeon.
             The game lasted 00:17:38 (7407 turns).

GordonOverkill the Grappler (Troll Delver)          Turns: 7407, Time: 00:17:39

Health: -5/147     AC:  8    Str: 26    XL:     10   Next: 32%
Magic:  9/9        EV:  7    Int:  6    God:    Trog [****..]
Gold:   480        SH:  0    Dex: 11    Spells: 9/9 levels left

rFire   + .          .
                       - Unarmed
rCold   . . .        x - +0 tower shield
rNeg    . . .        D - +0 acid dragon scales
rPois   .            (helmet restricted)
rElec   .            (no cloak)
rCorr   +            (gloves unavailable)
SInv    .            (boots unavailable)
Will    .....        (no amulet) Stlth
                     w - ring of protection from fire
HPRegen 1.24/turn    (no ring)
MPRegen 0.11/turn

%: no passive effects
@: confused, berserking (expiring), lethally poisoned (-5 -> -5), very quick
A: large, unfitting armour, claws 3, regeneration 1, shaggy fur 1, tough skin 1
a: Renounce Religion, Berserk, Trog's Hand, Brothers in Arms


You were on level 9 of the Dungeon.
You worshipped Trog.
Trog was greatly pleased with you.
You visited 2 branches of the dungeon, and saw 10 of its levels.

You collected 480 gold pieces.

Inventory:

Missiles
 p - 9 boomerangs (quivered)
Armour
 x - a +0 tower shield (worn)
 D - +0 acid dragon scales (worn)
Jewellery
 e - an amulet of regeneration
 w - a ring of protection from fire (left claw)
Talismans
 t - a talisman of death
 H - a blade talisman
Wands
 f - a wand of digging (3)
 B - a wand of iceblast (10)
 F - a wand of charming (13)
Scrolls
 b - 4 scrolls of fog
 c - a scroll of revelation
 d - a scroll of fear
 g - 3 scrolls of blinking
 j - a scroll of acquirement {unknown}
 m - 2 scrolls of vulnerability
 o - a scroll of teleportation {unknown}
 r - 2 scrolls of enchant armour {unknown}
 y - a scroll of noise {unknown}
 A - 4 scrolls of poison
 C - 2 scrolls of amnesia {unknown}
 E - a scroll of brand weapon {unknown}
Potions
 a - 2 potions of resistance {unknown}
 h - 2 potions of enlightenment
 i - 4 potions of might {unknown}
 k - a potion of invisibility
 l - 3 potions of degeneration {unknown}
 n - 2 potions of attraction
 q - 2 potions of lignification
 s - a potion of curing
 u - 3 potions of heal wounds {unknown}
 v - 2 potions of brilliance {unknown}
 z - a potion of ambrosia
 G - 6 potions of haste
 I - a potion of mutation {unknown}


   Skills:
 - Level 6.0 Fighting
 - Level 3.0 Armour
 - Level 2.0 Dodging
 - Level 2.7 Stealth
 - Level 7.0 Shields
 + Level 8.7 Unarmed Combat
 - Level 5.0 Evocations


You had 9 spell levels left.
You didn't know any spells.
Your spell library contained the following spells:

 Spells                   Type           Power      Damage    Failure   Level
 Ensorcelled Hibernation  Hex/Ice        0%         N/A       98%         2
 Passwall                 Tmut/Erth      0%         N/A       98%         2
 Swiftness                Air            0%         N/A       100%        3


Dungeon Overview and Level Annotations

Branches:
Dungeon (9/15)             Temple (1/1) D:4
   Lair: D:8-11         Orc: D:9-12

Altars:
Ashenzari
Cheibriados
Dithmenos
Elyvilon
Fedhas
Gozag
Hepliaklqana
Kikubaaqudgha
Makhleb
Nemelex Xobeh
Okawaru
Qazlal
Ru
Sif Muna
Trog
Uskayaw
Vehumet
Wu Jian
Xom
Yredelemnul
Zin
The Shining One

Shops:
D:6 (   D:8 [


Innate Abilities, Weirdness & Mutations

You are too large for most types of armour.
You have claws for hands.
Your natural rate of healing is unusually fast.
You are covered in fur. (AC +1)
You have tough skin. (AC +1)


Message History

You mangle the troll!!
The troll is heavily wounded.
You feel sick. The killer bee stings you.
* * * LOW HITPOINT WARNING * * *
The cyan very ugly thing closely misses you.
Something hits you.
* * * LOW HITPOINT WARNING * * *
The troll bites you but does no damage. The troll claws you!
* * * LOW HITPOINT WARNING * * *
The troll claws you but does no damage.
The killer bee stings you but does no damage.
You bump into the stone wall.
You feel sick.
The killer bee stings you but does no damage.
A boulder beetle comes into view.
The cyan very ugly thing engulfs you!
* * * LOW HITPOINT WARNING * * *
The cyan very ugly thing shocks you!!
* * * LOW HITPOINT WARNING * * *
The troll bites you.
* * * LOW HITPOINT WARNING * * *
The troll closely misses you. The troll claws you.
* * * LOW HITPOINT WARNING * * *
Something hits you but does no damage.
You're too confused to move!
You feel a strong urge to attack something.
You feel sick. The killer bee barely misses you. x2
The cyan very ugly thing engulfs you but does no damage.
The troll bites you but does no damage. The troll claws you.
* * * LOW HITPOINT WARNING * * *
The troll claws you but does no damage. Something hits you but does no damage.
You bump into the stone wall.
You feel sick.
The killer bee stings you but does no damage.
You're too confused to move!
You feel your anger nearly subside.
You feel sick.
The killer bee stings you but does no damage.
A gnoll comes into view. It is wielding a +0 whip.
The cyan very ugly thing engulfs you but does no damage.
The troll bites you!
You die...

##....>.###################.
#......# #. #......#♣ ♣# #.
#......#. .# #.
#......#.♣♣♣.# #.
#......#..♣.. .
#......#♣.♣.♣#
#........T#ug# ..........#@#
..........{#y.#
######>.#♣.♣.♣# #..#..♣..
#..#.♣♣♣.# #..#. .# #..#♣ ♣#


You could see a cyan very ugly thing, a troll, a killer bee and a gnoll.

Vanquished Creatures
  Pikel (D:7)
  Maggie (D:7)
  A hornet (D:9)
  Prince Ribbit (D:8)
  4 yaks (D:8)
  A steam dragon (D:7)
  Eustachio (D:5)
  An acid dragon (D:8)
  A water moccasin (D:7)
  2 orc warriors
  2 ice beasts
  3 ogres
  The ghost of Scrael the Digger, an amateur DgEE (D:5)
  2 kobold brigands
  6 bullfrogs
  3 scorpions
  A gnoll sergeant (D:9)
  3 killer bees (D:8)
  5 howler monkeys
  A jelly (D:6)
  6 orc priests
  A gnoll bouda (D:5)
  A hound (D:7)
  4 iguanas
  8 orc wizards
  A sleepcap (D:8)
  Natasha (twice) (D:4)
  12 adders
  14 gnolls
  5 river rats (D:5)
  2 shadow imps
  2 white imps
  An ufetubus (D:5)
  3 worms
  2 dart slugs
  23 orcs
  8 endoplasms
  4 giant cockroaches
  6 hobgoblins
  9 quokkas
  9 ball pythons
  6 bats
  2 frilled lizards
  7 goblins
  14 kobolds
  20 rats
213 creatures vanquished.

Notes
Turn   | Place    | Note
-------+----------+-------------------------------------------
     0 | D:5      | GordonOverkill the Troll Delver began the quest for the
                  | Orb.
     0 | D:5      | Reached XP level 1. HP: 22/22 MP: 0/0
     4 | D:6      | Found Otoprir's Weapon Shop.
    13 | D:6      | Noticed an orc priest
    26 | D:5      | Noticed Eustachio
    95 | D:5      | Noticed a scorpion
   163 | D:4      | Found a staircase to the Ecumenical Temple.
   190 | D:4      | Reached XP level 2. HP: 31/31 MP: 1/1
   197 | Temple   | Entered the Ecumenical Temple
   240 | Temple   | Became a worshipper of Trog the Wrathful
   686 | D:1      | Reached XP level 3. HP: 37/37 MP: 2/2
   809 | D:1      | Reached skill level 3 in Unarmed Combat
   906 | D:1      | Reached * piety under Trog
  1452 | D:2      | Reached XP level 4. HP: 42/45 MP: 3/3
  1488 | D:2      | Reached skill level 4 in Unarmed Combat
  1737 | D:2      | Found a faded altar of an unknown god.
  2104 | D:3      | Reached ** piety under Trog
  2107 | D:3      | Reached XP level 5. HP: 39/53 MP: 4/4
  2109 | D:3      | Reached skill level 5 in Unarmed Combat
  2195 | D:3      | Found a white marble altar of Elyvilon.
  2198 | D:3      | Found a shadowy altar of Dithmenos.
  2204 | D:3      | Found a glowing silver altar of Zin.
  2207 | D:3      | Found an opulent altar of Gozag.
  2209 | D:3      | Found a hide-covered altar of Uskayaw.
  2214 | D:3      | Found a glowing golden altar of the Shining One.
  2645 | D:4      | Noticed Natasha
  2654 | D:4      | Killed Natasha
  2702 | D:4      | Noticed an ogre
  2709 | D:4      | Killed an ogre
  2710 | D:4      | Reached XP level 6. HP: 62/62 MP: 5/5
  3000 | D:4      | Found a sparkling altar of Nemelex Xobeh.
  3060 | D:4      | Noticed Natasha
  3065 | D:4      | Killed Natasha
  3354 | D:5      | Reached skill level 6 in Unarmed Combat
  3374 | D:5      | Reached skill level 1 in Shields
  3379 | D:5      | Killed Eustachio
  3380 | D:5      | Reached XP level 7. HP: 53/70 MP: 6/6
  3423 | D:5      | Noticed Scrael's ghost (amateur DgEE)
  3425 | D:5      | Found a runed translucent door.
  3666 | D:5      | Reached *** piety under Trog
  3896 | D:5      | Found a broken altar of Ashenzari.
  3930 | D:5      | Reached skill level 5 in Shields
  4065 | D:5      | Reached XP level 8. HP: 75/78 MP: 7/7
  4454 | D:5      | Killed Scrael's ghost
  4455 | D:5      | Reached skill level 7 in Unarmed Combat
  4695 | D:6      | Reached skill level 5 in Fighting
  4743 | D:6      | Found an ancient bone altar of Kikubaaqudgha.
  5515 | D:7      | Found a sacrificial altar of Ru.
  5524 | D:7      | Reached skill level 8 in Unarmed Combat
  5574 | D:7      | Noticed Pikel
  5589 | D:7      | Killed Pikel
  5590 | D:7      | Reached skill level 1 in Evocations
  5590 | D:7      | Reached XP level 9. HP: 62/88 MP: 8/8
  5650 | D:7      | Found a blossoming altar of Fedhas.
  5817 | D:7      | Noticed Maggie
  5846 | D:7      | Killed Maggie
  5847 | D:7      | Reached skill level 1 in Armour
  6172 | D:7      | Found a basalt altar of Yredelemnul.
  6554 | D:8      | Reached XP level 10. HP: 42/98 MP: 9/9
  6699 | D:8      | Noticed Prince Ribbit
  6725 | D:8      | Found Qatamuh's Antique Armour Emporium.
  6732 | D:8      | Killed Prince Ribbit
  7196 | D:8      | Reached **** piety under Trog
  7200 | D:8      | Reached skill level 5 in Evocations
  7254 | D:9      | Paralysed by a hornet for 2 turns
  7400 | D:9      | Noticed a cyan very ugly thing
  7404 | D:9      | Noticed a boulder beetle
  7404 | D:9      | HP: 6/147 [troll (4)]
  7407 | D:9      | Slain by a troll

Illustrated notes

Levels and vault maps discovered:
D:1:      dreamdust_arrival_sigmund_warning, layout_loops_ring, chequers_avenue
D:2:      layout_basic, dreamdust_ecumenical_altar_hidden_monk_grotto
D:3:      layout_basic, nicolae_overflow_hallway_of_the_gods, st_stairs_11
D:4:      layout_loops_cross, mainiacjoe_overflow_alcove_2,
          minmay_temple_entry_overgrown, minmay_quantized, uniq_natasha
D:5:      lemuel_ratsnest, layout_loops_corners,
          mainiacjoe_overflow_concentric_impassable,
          mainiacjoe_overflow_small_starburst, hellmonk_ghost_happy_afterlife,
          minivault_27, uniq_eustachio
D:6:      layout_basic, mainiacjoe_overflow_catwalk, serial_shops, shop
D:7:      layout_loops_ring, mainiacjoe_overflow_boulevard,
          nicolae_ru_great_annihilating_truth, kennysheep_mini,
          corexii_checkpoint_a, uniq_pikel, uniq_maggie
D:8:      layout_loops_ring, serial_shops, nicolae_shop_tiny_glass,
          uniq_prince_ribbit1
D:9:      nzn_winding_woodlands_small [nzn_winding_woodlands_5x15_twine,
          nzn_winding_woodlands_center_diamonds,
          nzn_winding_woodlands_5x15_longhouse], layout_irregular_city,
          orc_0_dummy, serial_shops, nicolae_shop_rolled_up, shop,
          nicolae_shop_tiny_statue_garden, shop, gammafunk_ghost_spectres
Temple:   hellmonk_temple_beads

Skill      XL: |  1  2  3  4  5  6  7  8  9 10 |
---------------+-------------------------------+-----
Fighting       | 3 4 5 6 |  6.0
Unarmed Combat | 3 4 5 6 8 |  8.7
Dodging        | 2 |  2.0
Shields        | 2 5 7 |  7.0
Evocations     | 1 4 5 |  5.0
Armour         | 3 |  3.0
Stealth        | |  2.7

Action                     |  1- 3 |  4- 6 |  7- 9 | 10-12 || total
---------------------------+-------+-------+-------+-------++-------
  Melee: Unarmed           |    98 |   140 |   355 |    87 ||   680
         Punch             |       |     2 |       |       ||     2
  Throw: Boomerang         |       |       |       |     3 ||     3
 Invoke: Berserk           |       |     2 |     8 |     3 ||    13
         Trog's Hand       |       |     1 |     3 |       ||     4
    Use: Scroll            |       |       |     9 |       ||     9
         Potion            |       |       |     1 |       ||     1
   Stab: Sleeping          |     4 |     2 |     1 |       ||     7
         Paralysed         |       |       |     1 |       ||     1
         Distracted        |       |       |       |     1 ||     1
 Armour: Robe              |    45 |    64 |    52 |       ||   161
         Acid dragon scale |       |       |     4 |    43 ||    47
         Steam dragon scal |       |       |     1 |       ||     1
  Dodge: Dodged            |    52 |    42 |    66 |    34 ||   194
  Block: Tower shield      |       |    44 |   227 |    83 ||   354

Table legend: (Time is in decaauts)
 A = Elapsed time spent in this place.
 B = Non-inter-level travel time spent in this place.
 C = Inter-level travel time spent in this place.
 D = Time resting spent in this place.
 E = Time spent auto-exploring this place.
 F = Levels seen in this place.
 G = Mean time per level.
                   A        B        C        D        E       F      G
               +--------+--------+--------+--------+--------+-----+--------+
         Total |   7552 |   7072 |    480 |    630 |   4499 |  10 |  755.2 |
       Dungeon |   7465 |   7069 |    396 |    630 |   4499 |   9 |  829.4 |
        Temple |     86 |      2 |     84 |      0 |      0 |   1 |   86.0 |
               +--------+--------+--------+--------+--------+-----+--------+

Top non-repeatable levels by time:
     D:5: 1471 daAuts
     D:6: 1017 daAuts
     D:8: 990 daAuts
     D:3: 791 daAuts
     D:1: 789 daAuts
     D:7: 779 daAuts
     D:4: 728 daAuts
     D:2: 703 daAuts
     D:9: 194 daAuts
  Temple: 86 daAuts
